 Dungeon Crawl Stone Soup version 0.30-a0-867-g305f33218d (webtiles) character file.

Game seed: 13455594908921035364

115 Newt the Shooter (level 5, -1/35 HPs)
             Began as a Kobold Hunter on Mar 10, 2023.
             Slain by a gnoll
             ... wielding a +0 whip
              (7 damage)
             ... on level 3 of the Dungeon.
             The game lasted 00:02:04 (2257 turns).

Newt the Shooter (Kobold Hunter)                    Turns: 2257, Time: 00:02:05

Health: -1/35      AC:  3    Str:  8    XL:     5   Next: 20%
Magic:  5/5        EV: 11    Int: 16    God:
Gold:   52         SH:  0    Dex: 20    Spells: 4/4 levels left

rFire   . . .      SeeInvis .    k - +6 hand axe of Dividends {heavy, Int+5}
rCold   . . .      Faith    .    n - +0 kite shield
rNeg    . . .      Spirit   .    c - +0 leather armour
rPois   .          Reflect  .    (no helmet)
rElec   .          Rampage  .    (no cloak)
rCorr   .                        (no gloves)
Will    .....                    (no boots)
Stlth   ++                       (no amulet)
HPRegen 0.25/turn                (no ring)
MPRegen 0.09/turn                (no ring)

@: confused, ambrosia-drunk
A: small, no large weapons, nightstalker 3
a: no special abilities


You were on level 3 of the Dungeon.
You visited 1 branch of the dungeon, and saw 3 of its levels.

You collected 52 gold pieces.

Inventory:

Hand Weapons
 a - a +0 shortbow
 k - the +6 hand axe of Dividends (weapon) {heavy, Int+5}
   (You found it on level 2 of the Dungeon)

   Int:       It affects your intelligence (+5).
Armour
 c - a +0 leather armour (worn)
 n - a +0 kite shield (worn)
Wands
 q - a wand of digging (7)
Scrolls
 b - 3 scrolls of immolation
 d - 2 scrolls of identify {unknown}
 h - 3 scrolls of teleportation {unknown}
 j - a scroll of poison {unknown}
 l - a scroll of vulnerability {unknown}
 m - a scroll of acquirement {unknown}
Potions
 e - a potion of haste {unknown}
 f - a potion of curing {unknown}
 g - 2 potions of brilliance {unknown}
 o - a potion of cancellation {unknown}
 p - a potion of berserk rage {unknown}
 r - a potion of lignification {unknown}


   Skills:
 - Level 5.0 Fighting
 + Level 1.4 Axes
 - Level 5.3 Ranged Weapons
 - Level 2.4 Dodging
 - Level 1.3 Stealth


You had 4 spell levels left.
You didn't know any spells.
Your spell library contained the following spells:

 Spells                   Type           Power      Damage    Failure   Level
 Sandblast                Erth           0%         2d4       93%         1
 Cigotuvi's Dreadful Rot  Necr/Pois/Air  0%         N/A       98%         2
 Passwall                 Tmut/Erth      0%         N/A       98%         2
 Poisonous Vapours        Pois/Air       0%         N/A       98%         2
 Mephitic Cloud           Conj/Pois/Air  0%         N/A       100%        3
 Stone Arrow              Conj/Erth      0%         3d7       100%        3


Dungeon Overview and Level Annotations

Branches:
Dungeon (3/15)

Altars:

Annotations:
D:3 1 runed translucent door, Crazy Yiuf


Innate Abilities, Weirdness & Mutations

You are small and have problems with some larger weapons.
You are completely attuned to the shadows.


Message History

You kill the ball python!
You slash the hobgoblin!
You kill the hobgoblin!
You block the bat's attack. The ball python barely misses you.
You block the ball python's attack. The rat barely misses you.
The ball python bites you. The ball python grabs you.
The ball python constricts you.
You slash the ball python!
You kill the ball python!
You hit the rat.
You kill the rat!
You block the bat's attack. The bat hits you but does no damage. x2
You block the gnoll's attack. x2
You barely miss the gnoll. You closely miss the bat.
You block the bat's attack. x2; The bat misses you.
The bat hits you. You block the gnoll's attack. x2
You hit the gnoll.
The gnoll is moderately wounded.
You slash the bat!
You kill the bat!
The gnoll hits you with a +0 whip. The gnoll hits you with a +0 whip!
You block the goblin's attack.
Unknown command.
You are too injured to fight recklessly!
You are too injured to fight recklessly!
You are too injured to fight recklessly!
Unknown command.
You barely miss the gnoll.
The gnoll is moderately wounded.
You closely miss the goblin. The gnoll hits you with a +0 whip!
* * * LOW HITPOINT WARNING * * *
The goblin hits you but does no damage. The gnoll hits you with a +0 whip!
* * * LOW HITPOINT WARNING * * *
You block the goblin's attack.
You are confused.
You feel invigorated. The gnoll hits you with a +0 whip.
* * * LOW HITPOINT WARNING * * *
Unknown command.
You bump into the rock wall.
The gnoll hits you with a +0 whip!
You die...

#.........#....
#.........#.##.
..#.........#.##.
.........)..'.##.
#.#.........####.
#.+..>......# ##
#.#.........#
##...########
#@...# #g#..+
#'.Kg##..#
#.!.o.#..#
#(....# ##
#.....#


You could see a gnoll, an orc, a goblin and a kobold.

Vanquished Creatures
  Robin (D:2)
  2 adders (D:2)
  A dart slug (D:1)
  12 ball pythons
  4 endoplasms
  5 giant cockroaches
  17 goblins
  4 hobgoblins
  4 jackals
  7 kobolds
  3 quokkas
  4 bats
  5 frilled lizards
  8 rats
77 creatures vanquished.

Notes
Turn   | Place    | Note
-------+----------+-------------------------------------------
     0 | D:1      | Newt the Kobold Hunter began the quest for the Orb.
     0 | D:1      | Reached XP level 1. HP: 12/12 MP: 1/1
    63 | D:1      | Reached XP level 2. HP: 8/18 MP: 2/2
   464 | D:1      | Reached XP level 3. HP: 23/23 MP: 3/3
   891 | D:2      | Identified the +6 hand axe of Dividends {heavy, Int+5}
   900 | D:2      | Found a faded altar of an unknown god.
  1393 | D:2      | Noticed Robin
  1395 | D:2      | Reached XP level 4. HP: 25/30 MP: 4/4
  1410 | D:2      | Killed Robin
  1510 | D:2      | Reached skill level 5 in Fighting
  1724 | D:2      | Identified the +9 mace "Qateur" {antimagic, Will+}
  2065 | D:2      | Reached skill level 1 in Axes
  2065 | D:2      | Reached XP level 5. HP: 34/35 MP: 5/5
  2186 | D:3      | Found a runed translucent door.
  2189 | D:3      | Noticed Crazy Yiuf
  2254 | D:3      | HP: 1/35 [gnoll/+0 whip (7)]
  2257 | D:3      | Slain by a gnoll

Illustrated notes

Levels and vault maps discovered:
D:1:      minmay_arrival_open_corners, layout_basic
D:2:      layout_basic, hellmonk_ecumenical_altar_blasted, serial_glass,
          glass_columns_b, glass_columns_a, item_on_display_a,
          minmay_strange_pillars, ebering_dispersal_statue_hall, uniq_robin
D:3:      minmay_roachtagon, layout_basic, mainiacjoe_overflow_cross_hatched,
          mainiacjoe_overflow_chevrons, minmay_joined_circles,
          uniq_crazy_yiuf_cottage, uniq_sigmund

Skill      XL: |  1  2  3  4 |
---------------+-------------+-----
Fighting       | 3 4 5 |  5.0
Axes           | 1 |  1.4
Ranged Weapons | |  5.3
Dodging        | |  2.4
Stealth        | |  1.3

Action                     |  1- 3 |  4- 6 || total
---------------------------+-------+-------++-------
  Melee: Hand axe          |     6 |    45 ||    51
   Fire: Shortbow          |    84 |       ||    84
    Use: Potion            |       |     2 ||     2
   Stab: Sleeping          |     3 |     9 ||    12
 Armour: Leather armour    |     8 |    13 ||    21
  Dodge: Dodged            |    44 |    46 ||    90
  Block: Kite shield       |     1 |    35 ||    36

Table legend: (Time is in decaauts)
 A = Elapsed time spent in this place.
 B = Non-inter-level travel time spent in this place.
 C = Inter-level travel time spent in this place.
 D = Time resting spent in this place.
 E = Time spent auto-exploring this place.
 F = Levels seen in this place.
 G = Mean time per level.
                   A        B        C        D        E       F      G
               +--------+--------+--------+--------+--------+-----+--------+
         Total |   2338 |   2196 |    142 |    334 |   1501 |   3 |  779.3 |
       Dungeon |   2338 |   2196 |    142 |    334 |   1501 |   3 |  779.3 |
               +--------+--------+--------+--------+--------+-----+--------+

Top non-repeatable levels by time:
     D:2: 1404 daAuts
     D:1: 824 daAuts
     D:3: 110 daAuts
